 Dungeon Crawl Stone Soup version 0.18-a0-1120-g03bd624 (webtiles) character file.

146 truemonolith the Magician (level 5, -4/28 HPs)
             Began as a Deep Elf Conjurer on Jan 17, 2016.
             Slain by Crazy Yiuf
             ... wielding a +3 quarterstaff of chaos
              (8 damage)
             ... on level 3 of the Dungeon.
             The game lasted 00:06:42 (2800 turns).

truemonolith the Magician (Deep Elf Conjurer)       Turns: 2800, Time: 00:06:42

Health: -4/28      AC:  5    Str:  5    XL:     5   Next: 7%
Magic:  11/16      EV: 13    Int: 21    God:
Gold:   84         SH:  0    Dex: 15    Spells: 2 memorised, 14 levels left

rFire  . . .     SeeInvis .     (no weapon)
rCold  . . .     Gourm    .     a - +0 robe
rNeg   . . .     Faith    .     (no shield)
rPois  .         Spirit   .     (no helmet)
rElec  .         Dismiss  .     (no cloak)
rCorr  .         Reflect  .     (no gloves)
SustAt .         Harm     .     r - +2 pair of boots
MR     .....                    (no amulet)
Stlth  ++........               (no ring)
                                (no ring)

@: about to teleport, not resistant to hostile enchantments, unstealthy
A: no striking features
a: no special abilities


You were on level 3 of the Dungeon.
You were not hungry.

You visited 1 branch of the dungeon, and saw 3 of its levels.

You collected 84 gold pieces.

Inventory:

Armour
 a - a +0 robe (worn)
 r - a +2 pair of boots (worn)
Jewellery
 d - an uncursed ring of fire {unknown}
 g - an uncursed ring of positive energy {unknown}
 h - a +1 ring of protection {unknown}
 l - an uncursed ring of see invisible {unknown}
 p - an uncursed ring of poison resistance {unknown}
Scrolls
 e - 2 scrolls of identify
 j - 2 scrolls of magic mapping {unknown}
 k - a scroll of immolation {unknown}
 m - a scroll of noise {unknown}
 q - a scroll of amnesia {unknown}
 s - a scroll of enchant armour {unknown}
Potions
 i - a potion of cure mutation {unknown}
 n - a potion of curing {unknown}
 o - a potion of haste
 t - a potion of brilliance {unknown}
Books
 b - a book of Conjurations

   Spells                             Type                      Level
   a - Magic Dart                     Conjuration                  1
   b - Searing Ray                    Conjuration                  2
   c - Dazzling Spray                 Conjuration/Hexes            3
   d - Fulminant Prism                Conjuration/Hexes            4
   e - Iskenderun's Mystic Blast      Conjuration                  4
   f - Iskenderun's Battlesphere      Conjuration/Charms           5
Comestibles
 c - 2 bread rations
 f - 3 meat rations


   Skills:
 - Level 2.4 Dodging
 - Level 2.4 Stealth
 + Level 7.1 Spellcasting
 - Level 4.3 Conjurations


You had 14 spell levels left.
You knew the following spells:

 Your Spells              Type           Power        Failure   Level  Hunger
a - Magic Dart            Conj           ####         1%          1    None
b - Dazzling Spray        Conj/Hex       ###.....     14%         3    None


Dungeon Overview and Level Annotations

Branches:
Dungeon (3/15)

Altars:
Dithmenos

Annotations:
D:3 Crazy Yiuf


Message History

Aim: Crazy Yiuf, wielding a quarterstaff of chaos and wearing a runed cloak (almost dead)
The magic dart hits Crazy Yiuf.
Crazy Yiuf is almost dead.
Crazy Yiuf hits you with a quarterstaff of chaos!
You suddenly lose the ability to move!
Crazy Yiuf says, "Crazy?
Crazy!?
PORCUPINE!"
Crazy Yiuf hits you with a quarterstaff of chaos.
You feel strangely unstable.
Crazy Yiuf cries, "Candle!"
Crazy Yiuf hits you with a quarterstaff of chaos!
* * * LOW HITPOINT WARNING * * *
Crazy Yiuf drinks a potion.
Crazy Yiuf is healed!
You can move again.
Read which item? (? for menu, Esc to quit)
As you read the scroll labeled KOTUTH QORET, it crumbles to dust.
It is a scroll of identify.
Identify which item? (\ to view known items) (? for menu, Esc to quit)
o - a potion of haste Crazy Yiuf hits you with a quarterstaff of chaos!
You die...

..#.........#
#########...#
###
........#...#
.)#
........#...#
..#
............#
..
............#
.#
............#
♣♣.
....#########
♣g♣ ....#
♣♣@♣
....#########
♣.♣♣
.......)....#
♣♣.♣♣
###########.#
♣...♣♣ #.#
♣....♣ #.#
#....#
#.###....#
#........#
#####...##


You could see Crazy Yiuf.

Vanquished Creatures
  The ghost of xgamer67 the Conjurer, a weakling OpWz (D:3)
  An orc wizard (D:3)
  An adder (D:3)
  2 oozes (D:1)
  A worm (D:3)
  3 giant geckos
  4 orcs (D:3)
  5 bats
  7 giant cockroaches
  10 goblins
  3 hobgoblins
  A ball python (D:1)
  2 giant newts
  7 kobolds
  5 rats
53 creatures vanquished.

Notes
Turn   | Place    | Note
--------------------------------------------------------------
     0 | D:1      | truemonolith the Deep Elf Conjurer began the quest for the Orb.
     0 | D:1      | Reached XP level 1. HP: 10/10 MP: 6/6
   237 | D:1      | Reached XP level 2. HP: 15/15 MP: 7/9
   760 | D:1      | Reached XP level 3. HP: 19/19 MP: 7/11
   776 | D:1      | Reached skill level 5 in Spellcasting
  1870 | D:3      | Found a faded altar to an unknown god.
  1906 | D:3      | Reached XP level 4. HP: 24/24 MP: 4/13
  2137 | D:3      | Reached skill level 6 in Spellcasting
  2180 | D:3      | Learned a level 3 spell: Dazzling Spray
  2394 | D:3      | Noticed xgamer67's ghost (weakling OpWz)
  2399 | D:3      | Killed xgamer67's ghost
  2399 | D:3      | Reached skill level 7 in Spellcasting
  2542 | D:3      | Found a shadowy altar of Dithmenos.
  2633 | D:3      | Reached XP level 5. HP: 28/28 MP: 13/16
  2790 | D:3      | Noticed Crazy Yiuf
  2796 | D:3      | Paralysed by Crazy Yiuf for 4 turns
  2800 | D:3      | Slain by Crazy Yiuf

Vault maps used:
D:1:      ncdulo_watergridlock
D:2:      mumra_celtic_spiral_tile, nicolae_qazlal_eye_of_the_storm
D:3:      nicolae_dithmenos_shadow_blocks, ecumenical_altar_2,
          uniq_crazy_yiuf_cottage

Action                   |  1- 3 |  4- 6 || total
-------------------------+-------+-------++-------
 Cast: Magic Dart        |    85 |    27 ||   112
  Use: Scroll            |       |     1 ||     1
  Eat: Bread ration      |     1 |       ||     1
       Chunk             |       |     1 ||     1
